 Dungeon Crawl Stone Soup version 0.29-a0-43-g62a80824bf (webtiles) character file.

Game seed: 17375356275843813929

1880 littlecub the Geomancer (level 9, -2/52 HPs)
             Began as a Gargoyle Earth Elementalist on Feb 2, 2022.
             Was an Initiate of Vehumet.
             Killed from afar by Maggie (22 damage)
             ... with a bolt of fire
             ... on level 6 of the Dungeon.
             The game lasted 00:10:55 (6576 turns).

littlecub the Geomancer (GrEE)                      Turns: 6576, Time: 00:10:56

Health: -2/52      AC: 10    Str: 16    XL:     9   Next: 14%
Magic:  0/15       EV: 12    Int: 20    God:    Vehumet [......]
Gold:   194        SH:  0    Dex: 10    Spells: 6/16 levels left

rFire   . . .      SeeInvis .   s - +5 great sword "Gaire" {vorpal, Will+ Str+4}
rCold   + . .      Faith    .   (shield currently unavailable)
rNeg    + . .      Spirit   .   b - +0 robe
rPois   ∞          Reflect  .   (no helmet)
rElec   +          Harm     .   m - scarf {shadows}
rCorr   .          Rampage  .   p - +0 pair of gloves
Will    +....                   v - +0 pair of boots
Stlth   ++........              (no amulet)
HPRegen 0.17/turn               q - ring of protection from cold
MPRegen 0.14/turn               y - ring of wizardry

@: mesmerised
A: sickness immunity, AC +6, negative energy resistance 1, electricity
resistance, torment resistance 1, petrification resistance
a: Renounce Religion


You were on level 6 of the Dungeon.
You worshipped Vehumet.
Vehumet was noncommittal.
You visited 2 branches of the dungeon, and saw 7 of its levels.

You collected 230 gold pieces.
You spent 36 gold pieces at shops.

Inventory:

Hand Weapons
 s - the +5 great sword "Gaire" (weapon) {vorpal, Will+ Str+4}
   (You found it on level 4 of the Dungeon)

   It inflicts extra damage upon your enemies.
   Str:       It affects your strength (+4).
   Will:      It increases your willpower.
Missiles
 c - 125 stones
Armour
 b - a +0 robe (worn)
 m - a scarf of shadows (worn)
 p - a +0 pair of gloves (worn)
 u - a +0 buckler
 v - a +0 pair of boots (worn)
Magical Staves
 g - a staff of poison
Jewellery
 q - a ring of protection from cold (left hand)
 x - a +4 ring of protection
 y - a ring of wizardry (right hand)
Scrolls
 d - a scroll of vulnerability {unknown}
 h - 2 scrolls of enchant weapon
 j - a scroll of noise {unknown}
 k - a scroll of teleportation
 n - 2 scrolls of enchant armour {unknown}
 t - 3 scrolls of amnesia {unknown}
Potions
 a - 2 potions of lignification
 e - 2 potions of invisibility
 f - a potion of curing
 i - a potion of mutation {unknown}
 l - a potion of degeneration {unknown}
 o - a potion of cancellation {unknown}
 r - a potion of might {unknown}
 w - 2 potions of brilliance {unknown}


   Skills:
 + Level 4.2 Fighting
 + Level 3.6 Dodging
 - Level 2.1 Stealth
 + Level 4.2 Spellcasting
 * Level 5.9 Conjurations
 + Level 3.3 Transmutations
 * Level 8.0 Earth Magic


You had 6 spell levels left.
You knew the following spells:

 Your Spells              Type           Power      Damage    Failure   Level
a - Sandblast             Erth           72%        2d16      1%          1
b - Stone Arrow           Conj/Erth      64%        3d11      1%          3
e - Petrify               Tmut/Erth      26%        N/A       4%          4
w - Passwall              Tmut/Erth      21%        N/A       1%          2

Your spell library contained the following spells:

 Spells                   Type           Power      Damage    Failure   Level
 Metabolic Englaciation   Hex/Ice        2%         N/A       77%         5
 Statue Form              Tmut/Erth      Unusable   N/A       N/A         6

Dungeon Overview and Level Annotations

Branches:
Dungeon (6/15)             Temple (1/1) D:5

Altars:
Elyvilon
Hepliaklqana
Nemelex Xobeh
Qazlal
Vehumet
Yredelemnul
Zin

Shops:
D:3 *

Annotations:
D:5 2 transporters, avis's ghost, novice HOTm
D:6 Maggie


Innate Abilities, Weirdness & Mutations

You are immune to sickness and miasma.
Your stone body is resilient. (AC +6)
You are immune to poison.
You resist negative energy. (rN+)
You are resistant to electric shocks. (rElec)
You are resistant to unholy torment.
You are immune to petrification.


Message History

Press: ? - help, Shift-Dir - straight line, f/p - Maggie
Aim: Maggie, wielding a +0 broad axe and wearing +0 acid dragon scales (lightly wounded, 82% to hit)
The blast of sand hits Maggie!
Maggie is moderately wounded.
Maggie hits you with a +0 broad axe!
You completely miss Maggie.
Maggie is moderately wounded.
Maggie hits you with a +0 broad axe!
You are too injured to fight recklessly!
You are too injured to fight recklessly!
You slash Maggie!
Maggie is heavily wounded.
Maggie casts a spell.
Maggie attempts to bespell you! You resist with almost no effort.
Maggie casts a spell at you. The bolt of fire hits you!
* * * LOW HITPOINT WARNING * * *
You feel better. Maggie barely misses you.
You hit Maggie.
Maggie is heavily wounded.
Maggie misses you.
Maggie mumbles some strange words.
Maggie attempts to bespell you!
You are mesmerised by Maggie!
You barely miss Maggie.
Maggie is heavily wounded.
Maggie hits you with a +0 broad axe. Maggie closely misses you.
You completely miss Maggie.
Maggie is heavily wounded.
Maggie barely misses you.
Casting: Sandblast (safe; 1% risk of failure)
Confirm with . or Enter, or press ? or * to list all spells.
Aiming: Sandblast (safe; 1% risk of failure)
Press: ? - help, Shift-Dir - straight line, f/p - Maggie
Aim: Maggie, wielding a +0 broad axe and wearing +0 acid dragon scales (heavily wounded, mesmerising, 82% to hit)
The blast of sand hits Maggie!
Maggie is severely wounded.
Maggie casts a spell at you. The bolt of fire hits you!!
You die...

#...<###.##.#
#....# ####.#
#....# #.#
#....# #.#
###### #.#
#.# #.# #.#
#@# #.@.†...
###.....
..... ....
.... ..#


You could see Maggie (mesmerising).

Vanquished Creatures
  Sigmund (D:5)
  Eustachio (D:4)
  Menkaure (D:4)
  Edmund (D:4)
  A water moccasin (D:5)
  A black bear (D:6)
  A necrophage (D:4)
  2 ogres
  A phantom (D:3)
  A centaur (D:5)
  3 scorpions
  A water moccasin zombie (D:5)
  A water moccasin skeleton (D:4)
  A howler monkey (D:5)
  An orc priest (D:5)
  3 hounds
  An iguana (D:5)
  2 orc wizards (D:3)
  Natasha (thrice) (D:4)
  A hound skeleton (D:5)
  6 adders
  2 ufetubi
  3 dart slugs
  9 orcs
  10 ball pythons
  6 bats
  5 endoplasms
  6 giant cockroaches
  3 goblins
  12 hobgoblins
  4 jackals (D:4)
  4 quokkas
  3 frilled lizards
  6 kobolds
  3 rats (D:2)
110 creatures vanquished.

Vanquished Creatures (others)
  2 plants (D:2)
  6 withered plants (D:2)
8 creatures vanquished.

Grand Total: 118 creatures vanquished

Notes
Turn   | Place    | Note
-------+----------+-------------------------------------------
     0 | D:1      | littlecub the Gargoyle Earth Elementalist began the quest
                  | for the Orb.
     0 | D:1      | Reached XP level 1. HP: 10/10 MP: 3/3
   181 | D:1      | Reached XP level 2. HP: 16/16 MP: 1/5
   318 | D:1      | Reached skill level 1 in Transmutations
   498 | D:1      | Reached skill level 4 in Earth Magic
  1158 | D:2      | Reached skill level 1 in Fighting
  1158 | D:2      | Reached XP level 3. HP: 20/20 MP: 4/6
  1165 | D:2      | Learned a level 3 spell: Stone Arrow
  1168 | D:2      | Learned a level 2 spell: Passwall
  1299 | D:2      | Found a faded altar of an unknown god.
  1506 | D:2      | Reached skill level 1 in Conjurations
  1506 | D:2      | Reached XP level 4. HP: 24/25 MP: 2/7
  2229 | D:3      | Reached XP level 5. HP: 30/30 MP: 1/8
  2264 | D:3      | Reached skill level 5 in Earth Magic
  2534 | D:3      | Noticed an ogre
  2535 | D:3      | Noticed a phantom
  2578 | D:3      | Killed a phantom
  2579 | D:3      | Reached XP level 6. HP: 22/35 MP: 0/10
  2812 | D:3      | Found Zedoaz's General Store.
  2819 | D:3      | Bought a scroll of teleportation for 36 gold pieces
  2864 | D:3      | Found a white marble altar of Elyvilon.
  3980 | D:4      | Learned a level 4 spell: Petrify
  4010 | D:4      | Reached XP level 7. HP: 40/40 MP: 9/11
  4066 | D:4      | Identified the +5 great sword "Gaire" {vorpal, Will+ Str+4}
  4199 | D:4      | Noticed Natasha
  4201 | D:4      | Killed Natasha
  4309 | D:4      | Reached skill level 6 in Earth Magic
  4417 | D:4      | Noticed Menkaure
  4422 | D:4      | Killed Menkaure
  4658 | D:4      | Noticed Natasha
  4667 | D:4      | Killed Natasha
  4866 | D:4      | Noticed Natasha
  4869 | D:4      | Killed Natasha
  5163 | D:5      | Entered Level 5 of the Dungeon
  5187 | D:5      | Noticed Sigmund
  5242 | D:5      | Found a staircase to the Ecumenical Temple.
  5250 | D:5      | Reached XP level 8. HP: 41/46 MP: 13/13
  5258 | Temple   | Entered the Ecumenical Temple
  5292 | Temple   | Became a worshipper of Vehumet
  5345 | D:5      | Noticed Edmund
  5345 | D:5      | Noticed Eustachio
  5370 | D:4      | Killed Edmund
  5572 | D:4      | Reached skill level 7 in Earth Magic
  5614 | D:4      | Killed Eustachio
  5711 | D:5      | Reached skill level 5 in Conjurations
  5788 | D:5      | Killed Sigmund
  5929 | D:5      | Found a transporter.
  6203 | D:5      | Noticed avis's ghost (novice HOTm)
  6206 | D:5      | Found a transporter.
  6278 | D:5      | Reached XP level 9. HP: 44/52 MP: 15/15
  6563 | D:6      | Reached skill level 8 in Earth Magic
  6565 | D:6      | Noticed Maggie
  6576 | D:6      | Killed from afar by Maggie

Illustrated notes

Levels and vault maps discovered:
D:1:      lightli_arrival_lavapool, layout_rooms
D:2:      minmay_diamond_boxcup, layout_rooms,
          shapermc_ecumenical_altar_flowoftime
D:3:      layout_loops_cross, elyvilon_altar_3, serial_shops,
          nicolae_shop_statue_plus, minmay_fractal_squares_5
D:4:      layout_basic, kennysheep_donut, grunt_ministairs_9,
          kennysheep_generic_room_8, uniq_menkaure, uniq_natasha
D:5:      layout_rooms, temple_fountains, gammafunk_ghost_arena, uniq_edmund,
          uniq_eustachio, uniq_sigmund
D:6:      layout_basic, uniq_crazy_yiuf_cottage, uniq_maggie, uniq_duvessa
Temple:   eino_narrow_crystal_temple

Skill      XL: |  1  2  3  4  5  6  7  8  9 |
---------------+----------------------------+-----
Transmutations | 1 2 3 |  3.3
Earth Magic    | 4 5 6 7 8 |  8.0
Fighting       | 1 2 3 4 |  4.2
Conjurations   | 1 2 3 4 5 |  5.9
Dodging        | 2 3 |  3.6
Spellcasting   | 3 4 |  4.2
Stealth        | |  2.1

Action                   |  1- 3 |  4- 6 |  7- 9 || total
-------------------------+-------+-------+-------++-------
Melee: Unarmed           |     8 |       |       ||     8
       Staff             |    17 |   122 |       ||   139
       Great sword       |       |       |    81 ||    81
 Cast: Sandblast         |    40 |    47 |     8 ||    95
       Stone Arrow       |       |     3 |    29 ||    32
  Use: Potion            |     1 |       |     1 ||     2
       Scroll            |       |     3 |       ||     3
 Stab: Sleeping          |     1 |     2 |       ||     3
       Distracted        |       |     1 |       ||     1
Armor: Robe              |    14 |    51 |    42 ||   107
       Skin              |     3 |       |       ||     3
Dodge: Dodged            |    30 |    91 |    90 ||   211

Table legend: (Time is in decaauts)
 A = Elapsed time spent in this place.
 B = Non-inter-level travel time spent in this place.
 C = Inter-level travel time spent in this place.
 D = Time resting spent in this place.
 E = Time spent auto-exploring this place.
 F = Levels seen in this place.
 G = Mean time per level.
                   A        B        C        D        E       F      G
               +--------+--------+--------+--------+--------+-----+--------+
         Total |   6663 |   6480 |    183 |    565 |   4965 |   7 |  951.9 |
       Dungeon |   6620 |   6445 |    175 |    565 |   4935 |   6 | 1103.3 |
        Temple |     42 |     34 |      8 |      0 |     30 |   1 |   42.0 |
               +--------+--------+--------+--------+--------+-----+--------+

Top non-repeatable levels by time:
     D:4: 1725 daAuts
     D:3: 1720 daAuts
     D:2: 1167 daAuts
     D:5: 983 daAuts
     D:1: 980 daAuts
     D:6: 43 daAuts
  Temple: 42 daAuts
